 Dungeon Crawl Stone Soup version 0.29-a0-997-gf6f7e2dfe7 (webtiles) character file.

Game seed: 12959836661151500238

384 IdlyInterested the Poker (level 6, -1/69 HPs)
             Began as a Demonspawn Gladiator on Aug 4, 2022.
             Slain by a gnoll bouda
             ... wielding a +0 whip
              (3 damage)
             ... on level 4 of the Dungeon.
             The game lasted 00:10:00 (4066 turns).

IdlyInterested the Poker (Demonspawn Gladiator)     Turns: 4066, Time: 00:10:01

Health: -1/69      AC:  9    Str: 16    XL:     6   Next: 47%
Magic:  6/6        EV: 13    Int:  9    God:
Gold:   199        SH:  5    Dex: 15    Spells: 5/5 levels left

rFire   . . .      SeeInvis .   a - +1 trident
rCold   . . .      Faith    .   (no shield)
rNeg    . . .      Spirit   .   t - +0 ring mail {rPois}
rPois   +          Reflect  +   p - +2 helmet
rElec   .          Harm     .   (no cloak)
rCorr   .          Rampage  .   (no gloves)
Will    .....                   m - +0 pair of boots
Stlth   ..........              c - amulet of reflection
HPRegen 0.21/turn               (no ring)
MPRegen 0.10/turn               (no ring)

@: berserking, weakened, very quick
A: hooves 1, repulsion field 1, powered by pain 1
a: no special abilities


You were on level 4 of the Dungeon.
You visited 1 branch of the dungeon, and saw 4 of its levels.

You collected 199 gold pieces.

Inventory:

Hand Weapons
 a - a +1 trident (weapon)
Missiles
 d - 3 throwing nets
 e - a javelin (quivered)
Armour
 h - a +1 chain mail
 m - a +0 pair of boots (worn)
 p - a +2 helmet (worn)
 t - a +0 ring mail of poison resistance (worn)
Jewellery
 c - an amulet of reflection (around neck)
 i - an amulet of guardian spirit
Wands
 u - a wand of light (8)
Scrolls
 j - 2 scrolls of enchant weapon
 k - a scroll of fear
 l - a scroll of vulnerability
Potions
 b - 4 potions of heal wounds
 f - a potion of mutation
 g - a potion of haste
 n - 2 potions of attraction {unknown}
 o - a potion of invisibility
 s - a potion of resistance {unknown}


   Skills:
 + Level 2.4 Fighting
 * Level 5.9 Polearms
 - Level 1.7 Throwing
 - Level 2.0 Armour
 - Level 2.6 Dodging
 - Level 1.0 Stealth
 - Level 1.0 Evocations


You had 5 spell levels left.
You didn't know any spells.
Your spell library contained the following spells:

 Spells                   Type           Power      Damage    Failure   Level
 Sting                    Tmut/Pois      0%         1d3       58%         1
 Poisonous Vapours        Pois/Air       0%         N/A       75%         2
 Olgreb's Toxic Radiance  Pois           0%         N/A       100%        4


Dungeon Overview and Level Annotations

Branches:
Dungeon (4/15)
 Temple: D:4-7

Altars:


Innate Abilities, Weirdness & Mutations

You have large cloven feet.
You are surrounded by a mild repulsion field. (EV +2)
You sometimes gain a little power by taking damage.


Message History

The black bear is almost dead.
The black bear bites you!
* * * LOW HITPOINT WARNING * * *
The black bear claws you but does no damage. x2
You hit the black bear.
You kill the black bear!
The gnoll bouda barely misses you. You block the gnoll's attack.
You hit the gnoll bouda but do no damage.
The gnoll bouda closely misses you. You block the gnoll's attack.
You hit the gnoll bouda.
The gnoll bouda is moderately wounded.
The gnoll barely misses you.
The gnoll bouda hits you but does no damage.
You barely miss the gnoll. You punch the gnoll.
The gnoll is moderately wounded.
The gnoll hits you from afar with a +0 spear.
* * * LOW HITPOINT WARNING * * *
You barely miss the gnoll.
The gnoll is moderately wounded.
The gnoll is no longer moving quickly.
The gnoll hits you with a +0 halberd.
* * * LOW HITPOINT WARNING * * *
The gnoll bouda hits you but does no damage.
The gnoll closely misses you.
You hit the gnoll.
The gnoll is severely wounded.
The gnoll hits you with a +0 halberd.
* * * LOW HITPOINT WARNING * * *
The gnoll bouda barks out a call to the hunt!
The gnoll picks up the pace!
You barely miss the gnoll.
The gnoll is severely wounded.
The gnoll closely misses you.
You are too berserk!
You puncture the gnoll!
You kill the gnoll!
The gnoll is no longer moving quickly.
The gnoll bouda gazes fiercely through you!
You feel as though you will be weak longer.
The gnoll bouda hits you with a +0 whip.
You die...

...............)......[ ..#
#. .....................#
...##.
...##.........##.....#
....#.
...##.........##.....###
...... ......#....)..#.....
... #.).).
.###..#.......#..# .... #..
..#.........wg...##.....
#.#..
......#.....##g##)......
#....
.##...###...##..@....##
....##
..........###..g###....#
... #
..........#...######...# ..
..................#....# #
........#............ #
........#...#......###
...........##........## ###
...............)......##..#
..............<..#........#


You could see a gnoll bouda, 2 gnolls and a dart slug.

Vanquished Creatures
  2 black bears (D:4)
  A hound (D:4)
  An orc priest (D:4)
  Robin (D:3)
  2 gnolls
  2 adders
  3 worms
  A dart slug (D:3)
  8 orcs
  7 endoplasms
  A giant cockroach (D:3)
  15 goblins
  8 hobgoblins
  6 jackals
  6 kobolds
  4 quokkas
  6 ball pythons
  7 bats
  6 frilled lizards
  4 rats
91 creatures vanquished.

Notes
Turn   | Place    | Note
-------+----------+-------------------------------------------
     0 | D:1      | IdlyInterested the Demonspawn Gladiator began the quest for
                  | the Orb.
     0 | D:1      | Reached XP level 1. HP: 16/16 MP: 1/1
    23 | D:1      | Found a faded altar of an unknown god.
   288 | D:1      | Reached skill level 3 in Polearms
   392 | D:1      | Gained mutation: You are surrounded by a mild repulsion
                  | field. (EV +2) [demonic ancestry]
   392 | D:1      | Reached XP level 2. HP: 22/22 MP: 2/2
  1053 | D:2      | Reached skill level 1 in Armour
  1422 | D:2      | Reached XP level 3. HP: 16/27 MP: 1/3
  2809 | D:3      | Reached skill level 4 in Polearms
  2809 | D:3      | Reached XP level 4. HP: 33/33 MP: 4/4
  3209 | D:3      | Noticed Robin
  3245 | D:3      | Killed Robin
  3540 | D:4      | Gained mutation: You have large cloven feet. [demonic
                  | ancestry]
  3540 | D:4      | Reached XP level 5. HP: 38/38 MP: 5/5
  3545 | D:4      | Reached skill level 1 in Stealth
  3573 | D:4      | Reached skill level 5 in Polearms
  3765 | D:4      | Noticed a black bear
  3773 | D:4      | Killed a black bear
  3774 | D:4      | Reached skill level 1 in Evocations
  3774 | D:4      | Gained mutation: You sometimes gain a little power by
                  | taking damage. [demonic ancestry]
  3774 | D:4      | Reached XP level 6. HP: 10/44 MP: 6/6
  4064 | D:4      | HP: 2/69 [gnoll/+0 halberd[a gnoll bouda] (5)]
  4066 | D:4      | Slain by a gnoll bouda

Illustrated notes

Levels and vault maps discovered:
D:1:      lightli_molten_gateway, layout_loops_ring,
          ebering_ecumenical_altar_hall, kennysheep_boxes
D:2:      layout_loops_ring, wad_floor_pattern_2
D:3:      minmay_chambers_of_threes, layout_loops_corners, uniq_robin
D:4:      layout_cave_pools, tgw_trog, uniq_duvessa

Skill      XL: |  1  2  3  4  5 |
---------------+----------------+-----
Polearms       | 3 4 5 |  5.9
Armour         | 1 2 |  2.0
Stealth        | 1 |  1.0
Evocations     | 1 |  1.0
Fighting       | |  2.4
Throwing       | |  1.7
Dodging        | |  2.6

Action                   |  1- 3 |  4- 6 || total
-------------------------+-------+-------++-------
Melee: Trident           |   129 |   160 ||   289
       Punch             |       |     1 ||     1
  Use: Scroll            |     6 |     5 ||    11
       Potion            |       |     2 ||     2
Armor: Ring mail         |     6 |    26 ||    32
       Chain mail        |    84 |    78 ||   162
       Leather armour    |     1 |       ||     1
Dodge: Dodged            |    46 |   116 ||   162
Block: Other             |       |    20 ||    20

Table legend: (Time is in decaauts)
 A = Elapsed time spent in this place.
 B = Non-inter-level travel time spent in this place.
 C = Inter-level travel time spent in this place.
 D = Time resting spent in this place.
 E = Time spent auto-exploring this place.
 F = Levels seen in this place.
 G = Mean time per level.
                   A        B        C        D        E       F      G
               +--------+--------+--------+--------+--------+-----+--------+
         Total |   4091 |   3467 |    624 |    526 |   2038 |   4 | 1022.8 |
       Dungeon |   4091 |   3467 |    624 |    526 |   2038 |   4 | 1022.8 |
               +--------+--------+--------+--------+--------+-----+--------+

Top non-repeatable levels by time:
     D:3: 1495 daAuts
     D:1: 1270 daAuts
     D:2: 902 daAuts
     D:4: 423 daAuts
